[Event "Maria Albulet Memorial 2018"]
[Site "Braila"]
[Date "2018.11.08"]
[Round "7"]
[White "Bucur, Denisa-Andreea"]
[Black "Ciolacu, Alessia-Mihaela"]
[Result "1-0"]
[ECO "D37"]
[WhiteElo "2012"]
[BlackElo "1972"]
[Annotator "NA RC"]
[PlyCount "81"]
[EventDate "2018.11.03"]
[EventType "swiss"]
[EventCountry "ROU"]
[SourceTitle "playchess.com"]
[Source "ChessBase"]
[SourceQuality "1"]
[TimeControl "40/5400+30:900+30"]

1. d4 Nf6 2. Nf3 d5 3. c4 e6 4. Nc3 Be7 5. Bf4 O-O 6. e3 Nbd7 7. cxd5 Nxd5 8. Nxd5 {[%emt 0:00:36] D37: Queen's Gambit Declined: 5 Bf4} exd5 9. Bd3 {[%emt 0:00:30] LiveBook: 93 Games} c5 10. O-O (10. dxc5 Nxc5 11. O-O Bg4 12. Be2 Bf6 13. h3 Bh5 14. Nd4 Bxe2 15. Qxe2 Bxd4 16. exd4 {½-½ (62) Li,C (2725)-Yu,Y (2759) Ningbo 2018}) 10... Nf6 ({Better is} 10... c4 $11 11. Bc2 b5) 11. dxc5 Bxc5 12. Rc1 Bb6 $146 ({Predecessor:} 12... Bd6 13. Qa4 Bd7 14. Qd4 Bxf4 15. Qxf4 Rc8 16. Rxc8 Qxc8 {1-0 (32) Bagaturov,G (2410)-Fox,A (1986) Marianske Lazne 2016}) 13. h3 Be6 14. Bb1 Rc8 15. Qd3 Rxc1 16. Rxc1 Ne4 17. Nd4 Qh4 18. f3 Qf2+ $2 (18... Bxd4 $11 19. Qxd4 Qf2+ 20. Kh1 (20. Kh2 Nd2 $11) 20... Ng3+ 21. Bxg3 Qxg3) 19. Kh2 Bxh3 20. Kxh3 g5 21. Nf5 gxf4 22. fxe4 fxe3 $2 (22... f3 23. Qc2 Qxc2 24. Bxc2 dxe4 25. Bxe4 fxg2 26. Bxb7 Rd8 27. Bxg2 Kf8) 23. exd5 Rd8 24. Nh6+ (24. Qc3 $142 Qxf5+ 25. Bxf5 Rxd5 26. Qf6 Bc5 27. Be4 Rd6 28. Qg5+ Rg6 29. Bxg6) 24... Kf8 25. Rf1 Rxd5 26. Rxf2 exf2 27. Qf3 $2 (27. Qxd5 f1=Q 28. Qd6+ Ke8 29. Qb8+ Bd8 30. Qe5+ Kf8 31. Nf5 Qh1+ 32. Kg3 Bh4+ 33. Nxh4 Qxb1 34. Nf5 Qd3+ 35. Kh2 Qxf5 36. Qxf5) 27... Rh5+ 28. Kg3 Rxh6 29. Bd3 Re6 30. Kg4 Re3 31. Qf5 h5+ 32. Kxh5 Rg3 (32... Re6 $142 33. Bc4 Re7) 33. Bc4 Rg7 34. Qc8+ Ke7 35. Qxb7+ Kf8 36. Qb8+ Ke7 37. Qe5+ Kf8 38. Qd6+ Kg8 39. Qb8+ Kh7 40. Bd3+ Rg6 41. Qf4 $18 (41. Qf8 $142 f1=Q 42. Bxf1 Bc5 43. Qxf7+ Rg7 44. Bd3+ Kh8 45. Qe8+ Rg8 46. Qe5+ Rg7 47. Qxc5) 1-0

[Event "Maria Albulet Memorial 2018"]
[Site "Braila"]
[Date "2018.11.08"]
[Round "7"]
[White "Didiliuc, Dariana-Gabriela"]
[Black "Maria, Lia-Alexandra"]
[Result "1-0"]
[ECO "B43"]
[WhiteElo "1784"]
[BlackElo "1479"]
[Annotator "NA RC"]
[PlyCount "89"]
[EventDate "2018.11.03"]
[EventType "swiss"]
[EventCountry "ROU"]
[SourceTitle "playchess.com"]
[Source "ChessBase"]
[SourceQuality "1"]
[TimeControl "40/5400+30:900+30"]

1. e4 c5 2. Nf3 e6 3. d4 cxd4 4. Nxd4 a6 5. Nc3 Qc7 6. Bd3 Nf6 7. O-O d6 8. f4 Nbd7 9. Kh1 Be7 10. Qe2 O-O 11. Bd2 b5 12. b4 Bb7 13. a4 bxa4 14. Rxa4 a5 15. bxa5 Nc5 16. Ra2 Nxd3 17. cxd3 Ra6 18. Ncb5 Qd7 19. Rc1 Rc8 20. Rxc8+ Bxc8 21. Rc2 Bd8 22. Nb3 Bb7 23. N5d4 h6 24. e5 Nd5 25. exd6 Qxd6 26. Nc5 Ra7 27. Nb5 Qb8 28. Nxa7 Qxa7 29. Nxb7 Qxb7 30. Rc1 Kh7 31. Qe4+ g6 32. Qc4 Qb2 33. Qc2 Qa3 34. Qc5 Qxd3 35. Qf2 Qa6 36. Qf1 Qa7 37. a6 Bb6 38. Rb1 Nc7 39. Qd3 Nd5 40. Qb5 Qc7 41. Rc1 Qd8 42. Qc6 Qb8 43. Qb7 Qa7 44. Rc8 Be3 45. Bxe3 1-0

[Event "Maria Albulet Memorial 2018"]
[Site "Braila"]
[Date "2018.11.08"]
[Round "7"]
[White "Otetea, Ioana"]
[Black "Nistor, Valentina"]
[Result "0-1"]
[ECO "C26"]
[WhiteElo "1602"]
[BlackElo "1881"]
[Annotator "NA RC"]
[PlyCount "96"]
[EventDate "2018.11.03"]
[EventType "swiss"]
[EventCountry "ROU"]
[SourceTitle "playchess.com"]
[Source "ChessBase"]
[SourceQuality "1"]
[TimeControl "40/5400+30:900+30"]

1. e4 e5 2. Nc3 Nf6 3. g3 Nc6 4. Bg2 Bb4 5. Nge2 O-O 6. O-O {[%emt 0:01:35] LiveBook: 4 Games} d6 7. d3 h6 8. f4 (8. a3 $14 Bc5 9. Be3) 8... Bc5+ 9. Kh1 Ng4 10. Qe1 ({Günstiger ist} 10. fxe5 $15 dxe5 11. Qe1) 10... Nb4 11. Rb1 (11. Qd1 $17) 11... Nxc2 12. Qd2 Nce3 13. Rf3 Nxg2 14. Kxg2 c6 15. h3 Nf6 16. b4 Bb6 17. Qc2 Qe7 18. f5 Rd8 19. a3 d5 20. Na4 Bc7 21. Be3 Bd6 22. g4 Nh7 (22... Qd7 $19 23. Bb6 Re8) 23. Rh1 Bd7 24. h4 {[%emt 0:06:06] [#]} f6 (24... c5 $1 $17 25. Nac3 (25. Nxc5 d4) 25... d4 26. bxc5 Bxc5) 25. Rfh3 Be8 26. Ng3 b6 27. Rc1 (27. Ne2 $142) 27... Rac8 28. Qb3 (28. Rb1 $17) 28... Bf7 29. Qc2 Rc7 30. Qf2 Rdc8 31. Qf3 (31. Bc5 $142) 31... d4 32. Bd2 c5 33. bxc5 bxc5 34. Nb2 c4 35. dxc4 $2 (35. Nxc4 Bxa3 36. Rc2) 35... Bxa3 36. Rc2 Bxb2 ({Stronger than} 36... Bxc4 37. Nxc4 (37. Rxc4 Rxc4 38. Nxc4 Rxc4 $19) 37... Rxc4 38. Qb3 $14) 37. Rxb2 Rxc4 38. Nf1 Qc5 39. Qe2 a5 40. Ra2 a4 41. Rha3 Qc6 42. Ra1 Rb8 43. Qd3 Rb2 44. Kf3 (44. Kg1 $142) 44... Rcc2 $19 45. Kf2 Bc4 46. Qf3 Bxf1 47. Kxf1 Rxd2 48. Rxa4 Qxa4 0-1